 Dungeon Crawl Stone Soup version 0.26-a0-259-g1effd001a9 (webtiles) character file.

Game seed: 9094746778470155338

6400 Esekla the Thaumaturge (level 11, -4/82 (83) HPs)
             Began as a Formicid Ice Elementalist on July 10, 2020.
             Slain by Psyche
             ... wielding a +2 dagger of distortion
              (6 damage)
             ... on level 10 of the Dungeon.
             The game lasted 01:36:43 (12209 turns).

Esekla the Thaumaturge (Formicid Ice Elementalist) Turns: 12209, Time: 01:36:43

HP:   -4/82 (83)    AC: 22    Str: 12    XL:     11   Next: 18%
MP:   7/23          EV: 13    Int: 19    God:
Gold: 441           SH:  0    Dex: 11    Spells: 16/27 levels left

rFire    . . .     SeeInvis +   N - +1 dagger (protect)
rCold    + . .     Faith    .   (no shield)
rNeg     . . .     Spirit   .   q - +2 leather armour {rC+}
rPois    .         Reflect  .   (helmet unavailable)
rElec    .         Harm     .   j - +0 cloak
rCorr    .                      u - +0 pair of gloves
MR       +....                  (no boots)
Stlth    ++........             (no amulet)
HPRegen  0.23/turn              b - ring of flight
MPRegen  0.18/turn              (no ring)

@: icy armour, protection aura, frozen ramparts, very slightly contaminated
A: permanent stasis, dig shafts and tunnels, four strong arms, antennae 3
a: Dig, Shaft Self, Evoke Flight


You were on level 10 of the Dungeon.
You were not hungry.

You visited 2 branches of the dungeon, and saw 11 of its levels.

You collected 469 gold pieces.
You spent 28 gold pieces at shops.

Inventory:

Hand Weapons
 p - a +1 short sword
 t - a +0 trident
 H - a +2 hand axe of electrocution
 N - a +1 dagger of protection (weapon)
 O - a +1 rapier of speed
 T - a +0 scimitar
Missiles
 k - 110 poisoned darts (quivered)
 F - 2 curare-tipped darts
 M - 6 silver boomerangs
Armour
 j - a +0 cloak (worn)
 q - a +2 leather armour of cold resistance (worn)
 u - a +0 pair of gloves (worn)
 K - a +0 buckler
 S - +0 steam dragon scales
Jewellery
 b - a ring of flight (left hand)
 B - an uncursed amulet of faith
Wands
 E - a wand of flame (17)
 I - a wand of paralysis (8)
 Q - a wand of random effects (9)
 R - a wand of clouds (5)
Scrolls
 d - 2 scrolls of teleportation {unknown}
 e - 5 scrolls of enchant weapon {unknown}
 g - a scroll of noise {unknown}
 h - 7 scrolls of remove curse {unknown}
 l - 2 scrolls of immolation {unknown}
 m - 3 scrolls of enchant armour {unknown}
 v - 12 scrolls of identify
 w - 3 scrolls of random uselessness {unknown}
 x - 2 scrolls of fog {unknown}
 y - 3 scrolls of blinking {unknown}
 J - 2 scrolls of fear {unknown}
 L - a scroll of amnesia {unknown}
 P - a scroll of magic mapping {unknown}
Potions
 a - 2 potions of heal wounds {unknown}
 f - a potion of might
 i - 2 potions of haste {unknown}
 n - a potion of berserk rage {unknown}
 o - 3 potions of stabbing {unknown}
 r - 3 potions of degeneration {unknown}
 s - 5 potions of curing {unknown}
 z - 2 potions of invisibility {unknown}
 A - 4 potions of lignification {unknown}
 C - 2 potions of flight {unknown}
 D - a potion of brilliance {unknown}
 G - a potion of mutation {unknown}
Comestibles
 c - 18 rations


   Skills:
 * Level 6.4 Fighting
 + Level 3.6 Short Blades
 + Level 1.6 Polearms
 + Level 1.8 Throwing
 * Level 6.0 Armour
 + Level 3.6 Dodging
 + Level 4.4 Stealth
 * Level 8.6 Spellcasting
 * Level 3.4 Conjurations
 * Level 5.0 Charms
 + Level 7.4 Ice Magic


You had 16 spell levels left.
You knew the following spells:

 Your Spells              Type           Power        Failure   Level
a - Ozocubu's Armour      Chrm/Ice       ####....     2%          3
b - Freeze                Ice            ####         1%          1
h - Hailstorm             Conj/Ice       ####....     11%         4
r - Frozen Ramparts       Ice            #####.       1%          3

Your spell library contained the following spells:

 Spells                   Type           Power        Failure   Level
 Summon Ice Beast         Ice/Summ       ###.....     22%         4
 Confusing Touch          Hex            #.......     32%         3
 Gell's Gravitas          Tloc           #.........   32%         3
 Metabolic Englaciation   Hex/Ice        ###.......   54%         5
 Petrify                  Tmut/Erth      #.......     71%         4
 Yara's Violent Unravell  Hex/Tmut       #.........   96%         5


Dungeon Overview and Level Annotations

Branches:
Dungeon (10/15)            Temple (1/1) D:5
   Lair: D:8-11         Orc: D:9-12

Altars:
Ashenzari
Cheibriados
Dithmenos
Elyvilon
Fedhas
Gozag
Hepliaklqana
Kikubaaqudgha
Makhleb
Nemelex Xobeh
Okawaru
Uskayaw
Vehumet
Xom
The Shining One

Shops:
D:5 *=*

Annotations:
D:10 Psyche


Innate Abilities, Weirdness & Mutations

You cannot be hasted, slowed, berserked, paralysed or teleported.
You can dig through walls and to a lower floor.
Your four strong arms can wield two-handed weapons with a shield.
You have a pair of large antennae on your head. (SInv)


Message History

Psyche resists.
The wall freezes Psyche.
Psyche casts a spell at you.
The magic dart hits you but does no damage.
The wyvern skeleton completely resists.
The wall freezes the wyvern skeleton but do no damage.
Psyche completely resists.
The wall freezes Psyche but do no damage.
Psyche closely misses you.
You hit Psyche but do no damage.
Psyche is almost dead.
The frozen ramparts melt away.
Psyche barely misses you.
Casting: Ozocubu's Armour (mildly dangerous; 2% risk of failure)
Confirm with . or Enter, or press ? or * to list all spells.
The walls around you are covered in ice.
Psyche resists.
The wall freezes Psyche.
Psyche hits you but does no damage. Space warps horribly around you!!
* * * LOW HITPOINT WARNING * * *
Psyche resists.
The wall freezes Psyche.
Psyche hits you but does no damage. Space bends around you.
You die...

#.# #[# #.# #.#
#.# #.# #.# #
#.############...(
#......@@Z.....#
################


You could see Psyche (fast, strong) and a wyvern skeleton.

Vanquished Creatures
  A two-headed ogre (D:8)
  A merfolk (D:9)
  A hippogriff (D:9)
  Eustachio (D:5)
  8 yaks
  A steam dragon (D:9)
  A water moccasin (D:10)
  Purgy (D:3)
  A sky beast (D:5)
  An orc warrior (D:7)
  A black bear (D:9)
  2 necrophages
  3 ice beasts
  2 ogres
  4 centaurs
  4 bullfrogs
  2 scorpions
  A water moccasin skeleton (D:6)
  11 killer bees
  3 wights
  A howler monkey (D:9)
  2 centaur zombies
  A bullfrog zombie (D:10)
  5 hounds
  4 orc wizards
  A centaur skeleton (D:5)
  3 orc priests (D:6)
  A bullfrog skeleton (D:4)
  An iguana (D:9)
  13 worker ants
  A hound zombie (D:9)
  4 hound skeletons
  9 gnolls
  A worker ant zombie (D:5)
  6 adders
  A shadow imp (D:9)
  2 ufetubi
  2 oozes
  4 worms
  5 dart slugs
  4 leopard geckos
  19 orcs
  6 bats
  4 giant cockroaches
  8 goblins
  6 hobgoblins
  4 jackals
  5 kobolds
  3 quokkas
  A ball python (D:1)
  A ball python zombie (D:5)
  3 frilled lizards
  A leopard gecko skeleton (D:9)
  A leopard gecko zombie (D:6)
  A quokka skeleton (D:5)
  4 rats
188 creatures vanquished.

Vanquished Creatures (others)
  An orc wizard (D:3)
1 creature vanquished.

Grand Total: 189 creatures vanquished

Notes
Turn   | Place    | Note
-------+----------+-------------------------------------------
     0 | D:1      | Esekla the Formicid Ice Elementalist began the quest for
                  | the Orb.
     0 | D:1      | Reached XP level 1. HP: 13/13 MP: 3/3
   328 | D:1      | Reached XP level 2. HP: 14/20 MP: 1/5
   656 | D:1      | Reached XP level 3. HP: 25/25 MP: 6/6
   661 | D:1      | Learned a level 3 spell: Frozen Ramparts
   944 | D:1      | Reached skill level 1 in Fighting
  1028 | D:2      | Noticed a scorpion
  1044 | D:2      | Killed a scorpion
  1044 | D:2      | Reached XP level 4. HP: 17/32 MP: 3/8
  1060 | D:2      | Reached skill level 3 in Spellcasting
  1074 | D:1      | Learned a level 3 spell: Ozocubu's Armour
  1478 | D:2      | Reached XP level 5. HP: 34/37 MP: 6/9
  1905 | D:2      | Reached skill level 5 in Ice Magic
  1960 | D:3      | Reached skill level 1 in Polearms
  1973 | D:3      | Reached XP level 6. HP: 28/44 MP: 5/11
  2096 | D:3      | Reached skill level 1 in Charms
  2112 | D:3      | Found a shattered altar of Ashenzari.
  2217 | D:3      | Found a radiant altar of Vehumet.
  2444 | D:3      | Noticed Purgy
  2461 | D:3      | Killed Purgy
  2461 | D:3      | Reached skill level 4 in Spellcasting
  2567 | D:3      | Found a sparkling altar of Nemelex Xobeh.
  3031 | D:3      | Reached XP level 7. HP: 51/51 MP: 9/13
  3110 | D:4      | Reached skill level 1 in Armour
  3361 | D:4      | Found a blossoming altar of Fedhas.
  3379 | D:4      | Found a burning altar of Makhleb.
  3415 | D:4      | Found a white marble altar of Elyvilon.
  3704 | D:5      | Entered Level 5 of the Dungeon
  3730 | D:5      | Reached skill level 1 in Short Blades
  3753 | D:5      | Found a staircase to the Ecumenical Temple.
  3762 | Temple   | Entered the Ecumenical Temple
  3834 | D:5      | Found Febb's General Store.
  3836 | D:5      | Noticed Eustachio
  4138 | D:5      | Reached XP level 8. HP: 44/57 MP: 8/15
  4491 | D:5      | Killed Eustachio
  4491 | D:5      | Reached skill level 5 in Spellcasting
  4797 | D:5      | Found Nypp's Mass Market.
  5262 | D:5      | Reached XP level 9. HP: 65/65 MP: 11/17
  5330 | D:5      | Found Wipent's Jewellery Emporium.
  5408 | D:5      | Learned a level 4 spell: Hailstorm
  5435 | D:5      | Bought a scroll of identify for 28 gold pieces
  5555 | D:6      | Reached skill level 6 in Spellcasting
  5647 | D:6      | Found a hide-covered altar of Uskayaw.
  5874 | D:6      | Found a hide-covered altar of Uskayaw.
  6273 | D:6      | Reached skill level 1 in Conjurations
  6282 | D:6      | Reached skill level 1 in Throwing
  6529 | D:7      | Found a sparkling altar of Nemelex Xobeh.
  6831 | D:7      | Found an iron altar of Okawaru.
  6909 | D:7      | Found a burning altar of Makhleb.
  7406 | D:8      | Noticed a two-headed ogre
  7640 | D:8      | Found an ancient bone altar of Kikubaaqudgha.
  8480 | D:8      | Reached XP level 10. HP: 47/72 MP: 14/20
  8713 | D:7      | Reached skill level 5 in Fighting
  8713 | D:7      | Reached skill level 7 in Spellcasting
  9128 | D:8      | Found an opulent altar of Gozag.
  9814 | D:9      | Found a hazy altar of Hepliaklqana.
  9815 | D:9      | Found a shimmering altar of Xom.
  9816 | D:9      | Noticed a spectral ugly thing
  9901 | D:9      | Found a shadowy altar of Dithmenos.
 10119 | D:9      | Reached skill level 5 in Armour
 11357 | D:8      | Killed a two-headed ogre
 11357 | D:8      | Reached skill level 8 in Spellcasting
 11746 | D:10     | Entered Level 10 of the Dungeon
 11848 | D:10     | Reached XP level 11. HP: 72/80 MP: 21/23
 11918 | D:10     | Reached skill level 5 in Charms
 12193 | D:10     | Noticed Psyche
 12209 | D:10     | HP: 2/82 [Psyche/+2 dagger of distortion (22)]
 12209 | D:10     | Slain by Psyche

Illustrated notes

Levels and vault maps discovered:
D:1:      lightli_molten_gateway, layout_basic
D:2:      layout_rooms
D:3:      layout_loops_corners, lemuel_doored_altar, fiery_altar_vehumet,
          nemelex_dance_club_becter, uniq_purgy
D:4:      layout_cave_pools, old_standard_altar, kennysheep_mini_moat,
          elyvilon_altar_5
D:5:      layout_gridville, minmay_temple_entry_arrows, first_ration,
          serial_shops, shop, minmay_shop_mass, minmay_shop_grid_forest,
          minmay_bent, uniq_eustachio
D:6:      layout_loops_ring, eat_drink_and_be_merry_uskayaw, basic_altar
D:7:      layout_basic, lemuel_round_altar, kennysheep_okawaru_gauntlet,
          makhleb_blood_cavern_becter
D:8:      layout_cave_pods, old_standard_altar, nicolae_overflow_hidden_temple
D:9:      layout_roguey, nicolae_dithmenos_the_darkroom,
          regret_index_temple_of_mockery, hangedman_fish_farm
D:10:     layout_loops_ring, serial_shops, shop_fountains,
          nrook_guardian_serpent_ordinary, uniq_psyche, uniq_sonja
Temple:   compressed_dpeg_triangle_lava_temple

Skill      XL: |  1  2  3  4  5  6  7  8  9 10 11 |
---------------+----------------------------------+-----
Fighting       | 1 2 3 4 6 |  6.4
Spellcasting   | 3 4 5 6 8 |  8.6
Dodging        | 2 3 |  3.6
Ice Magic      | 5 6 7 |  7.4
Polearms       | 1 |  1.6
Charms         | 1 2 3 4 5 |  5.0
Stealth        | 3 4 |  4.4
Armour         | 2 3 4 5 6 |  6.0
Short Blades   | 1 2 3 |  3.6
Conjurations   | 2 3 |  3.4
Throwing       | 1 |  1.8

Action                   |  1- 3 |  4- 6 |  7- 9 | 10-12 || total
-------------------------+-------+-------+-------+-------++-------
Melee: Spear             |    40 |    65 |     3 |       ||   108
       Short sword       |     4 |       |       |       ||     4
       Dagger            |       |    26 |   545 |   214 ||   785
Throw: Dart              |       |     2 |    26 |    13 ||    41
       Boomerang         |       |       |     2 |     2 ||     4
 Cast: Freeze            |    13 |       |     4 |       ||    17
       Frozen Ramparts   |     1 |    15 |    50 |    38 ||   104
       Ozocubu's Armour  |       |       |    31 |    12 ||    43
 Abil: Evoke Flight      |     1 |       |     1 |       ||     2
       Stop Flying       |     1 |       |       |       ||     1
       Dig               |       |       |       |     1 ||     1
Evoke: Wand              |       |       |       |     1 ||     1
 Stab: Sleeping          |     1 |     1 |     1 |     3 ||     6
  Eat: Ration            |       |     2 |     5 |     3 ||    10
Armor: Robe              |     5 |    10 |       |       ||    15
       Leather armour    |       |    20 |   270 |    94 ||   384
Dodge: Dodged            |    34 |    45 |   323 |   114 ||   516

Table legend:
 A = Non-vault XP
 B = Vault XP
 C = Vault XP percentage of total XP
 D = Non-vault monster count
 E = Vault monster count
 F = Vault count percentage of total count
                 A         B        C        D         E       F
            +---------+---------+-------+---------+---------+-------
      Total |    8266 |     878 |   9.6 |     173 |      16 |   8.5
            +---------+---------+-------+---------+---------+-------
        D:1 |      38 |       0 |   0.0 |      18 |       0 |   0.0
        D:2 |     148 |       0 |   0.0 |      19 |       0 |   0.0
        D:3 |     223 |     151 |  40.4 |      15 |       3 |  16.7
        D:4 |     168 |       0 |   0.0 |       7 |       0 |   0.0
        D:5 |     996 |     288 |  22.4 |      22 |       8 |  26.7
        D:6 |     767 |       0 |   0.0 |      22 |       0 |   0.0
        D:7 |     649 |     146 |  18.4 |       9 |       4 |  30.8
        D:8 |    1914 |       0 |   0.0 |      26 |       0 |   0.0
        D:9 |    1472 |     293 |  16.6 |      18 |       1 |   5.3
       D:10 |    1891 |       0 |   0.0 |      17 |       0 |   0.0
            +---------+---------+-------+---------+---------+-------
